[Event "ICC tourney 2802 (60 5)"]
[Site "Internet Chess Club"]
[Date "2022.01.22"]
[Round "3"]
[White "YUAN, ETHAN:Knighthhhh"]
[Black "Mehta, Dhairya  M:Chesschamp27"]
[Result "1/2-1/2"]
[ICCResult "Game drawn by mutual agreement"]
[WhiteElo "1260"]
[BlackElo "1529"]
[Opening "Caro-Kann: classical variation"]
[ECO "B18"]
[NIC "CK.10"]
[Time "17:00:20"]
[PlyCount "66"]
[TimeControl "3600+5"]

1. e4 c6 2. d4 d5 3. Nc3 dxe4 4. Nxe4 Bf5 5. Ng3 Bg6 6. Bc4 Nf6 7. N1e2 h6
8. Nf4 Bh7 9. c3 e6 10. O-O Bd6 11. Re1 O-O 12. Be3 Qc7 13. Qd2 Nbd7 14. h3
e5 15. dxe5 Nxe5 16. Bb3 Rad8 17. Qe2 Rfe8 18. Rad1 Ng6 19. Nxg6 Bxg6 20.
Qf3 Bxg3 21. Qxg3 Qxg3 22. fxg3 Rxd1 23. Bxd1 Nd5 24. Bd2 Rxe1+ 25. Bxe1 Kf8
26. Bf2 a6 27. Kf1 Ke7 28. Bc5+ Ke8 29. Ke2 Be4 30. Kf2 Nc7 31. Bd4 g6 32.
Be3 h5 33. h4 Bf5 {Game drawn by mutual agreement} 1/2-1/2

[Event "ICC tourney 2802 (60 5)"]
[Site "Internet Chess Club"]
[Date "2022.01.22"]
[Round "3"]
[White "LAUSER, JESSICA T:Shakhmatova"]
[Black "HAMLETT, JAMES MORRISON:Hamlett144"]
[Result "1-0"]
[ICCResult "Black resigns"]
[WhiteElo "1623"]
[BlackElo "1276"]
[Opening "French: King's Indian attack"]
[ECO "C00"]
[NIC "FR.02"]
[Time "17:01:12"]
[PlyCount "53"]
[TimeControl "3600+5"]

1. e4 e6 2. d3 d5 3. Nd2 c5 4. Ngf3 Nf6 5. e5 Nfd7 6. Qe2 Nc6 7. g3 Be7 8.
Bg2 g5 9. h3 b6 10. Nf1 Bb7 11. g4 h6 12. Ng3 Qc7 13. O-O Ndxe5 14. c3 Nxf3+
15. Bxf3 Ne5 16. Bg2 Ng6 17. Nh5 O-O-O 18. f4 Nh4 19. Bh1 d4 20. Bxb7+ Qxb7
21. cxd4 Rxd4 22. Be3 Rxd3 23. Bd2 Rg3+ 24. Nxg3 gxf4 25. Bxf4 f5 26. Rad1
fxg4 27. Qxe6+ {Black resigns} 1-0

[Event "ICC tourney 2802 (60 5)"]
[Site "Internet Chess Club"]
[Date "2022.01.22"]
[Round "3"]
[White "SEBBA, AMITAI:Amitai"]
[Black "SARAFUDINOV, ANDREY:whyyoutrysohard"]
[Result "1-0"]
[ICCResult "Black resigns"]
[WhiteElo "1637"]
[BlackElo "1498"]
[Opening "Sicilian: Smith-Morra gambit"]
[ECO "B21"]
[NIC "SI.47"]
[Time "17:00:23"]
[PlyCount "49"]
[TimeControl "3600+5"]

1. e4 c5 2. d4 cxd4 3. c3 Nf6 4. e5 Nd5 5. Nf3 Nc6 6. cxd4 d6 7. Bc4 dxe5 8.
dxe5 Nb6 9. Qxd8+ Nxd8 10. Bb3 a6 11. Be3 Nd7 12. Nc3 e6 13. O-O Nc6 14. Bf4
g5 15. Bxg5 Bg7 16. Rfd1 Ncxe5 17. Nxe5 Bxe5 18. f4 Bf6 19. Ne4 Bxg5 20.
Nd6+ Ke7 21. fxg5 Nc5 22. Bc2 b5 23. Rac1 Nd7 24. Be4 Rb8 25. Rc7
{Black resigns}
1-0

[Event "ICC tourney 2802 (60 5)"]
[Site "Internet Chess Club"]
[Date "2022.01.22"]
[Round "3"]
[White "HOSUR, SANMITA:phosur"]
[Black "Montanari, Laura:oceana88"]
[Result "0-1"]
[ICCResult "White resigns"]
[WhiteElo "1299"]
[BlackElo "1550"]
[Opening "Nimzo-Indian: 4.e3 e8g8, 5.Nf3, without ...d5"]
[ECO "E50"]
[NIC "NI.28"]
[Time "17:00:19"]
[PlyCount "64"]
[TimeControl "3600+5"]

1. d4 Nf6 2. c4 e6 3. Nc3 Bb4 4. Nf3 O-O 5. e3 c5 6. a3 Bxc3+ 7. bxc3 Nc6 8.
Bd3 d5 9. cxd5 exd5 10. O-O Bg4 11. h3 Bh5 12. Be2 Ne4 13. Bb2 Qf6 14. Nd2
Bg6 15. Nxe4 Bxe4 16. Rc1 c4 17. a4 Ne7 18. Ba3 Rfe8 19. Qd2 Qg6 20. f3 Bf5
21. Kh1 Qg3 22. Bd1 Ng6 23. Bc2 Bd7 24. e4 Re6 25. exd5 Rf6 26. Rb1 b6 27.
Rb4 Nf4 28. Rxc4 Rh6 29. Rf2 Re8 30. Bc1 Bxh3 31. Kg1 Bxg2 32. Rxg2 Re1+
{White resigns}
0-1

[Event "ICC tourney 2802 (60 5)"]
[Site "Internet Chess Club"]
[Date "2022.01.22"]
[Round "3"]
[White "Doan Giang, Nguyen Doan:Doctorstrange04"]
[Black "JIMENEZ, LUIS A:eltuna"]
[Result "1-0"]
[ICCResult "Black resigns"]
[WhiteElo "1685"]
[BlackElo "1519"]
[Opening "Nimzovich-Larsen attack: classical variation"]
[ECO "A01"]
[NIC "VO.08"]
[Time "17:01:12"]
[PlyCount "111"]
[TimeControl "3600+5"]

1. b3 d5 2. Bb2 c5 3. e3 Nc6 4. Nf3 Bf5 5. Bb5 e6 6. Ne5 Ne7 7. h4 h5 8. d3
d4 9. O-O a6 10. Bxc6+ Nxc6 11. Nxc6 bxc6 12. Nd2 Be7 13. Qf3 Rc8 14. g3 Bg4
15. Qg2 e5 16. Nc4 Qc7 17. Rfe1 O-O 18. a4 Be6 19. exd4 Bxc4 20. dxc4 cxd4
21. Qe4 Bf6 22. Qf3 c5 23. Qxh5 Rfe8 24. Qf3 Qc6 25. Qxc6 Rxc6 26. Re2 e4
27. Rae1 d3 28. cxd3 Bxb2 29. Rxb2 Rce6 30. dxe4 Rxe4 31. Rxe4 Rxe4 32. Kg2
Kf8 33. Kf3 Re6 34. Rd2 Rb6 35. Rd3 Ke7 36. Ke2 f5 37. Kd2 g6 38. Kc3 Kf6
39. a5 Re6 40. Rd5 Rc6 41. Rd8 Ke7 42. Rb8 Re6 43. Rb7+ Kd8 44. Rb6 Re2 45.
Rxa6 Rxf2 46. Rxg6 Rf3+ 47. Kb2 Kd7 48. a6 Rf2+ 49. Ka3 Rf1 50. a7 Kc7 51.
Rg7+ Kd6 52. h5 Ke5 53. h6 Kf6 54. Rc7 Kg6 55. h7 Rh1 56. Rc8 {Black
resigns} 1-0

[Event "ICC tourney 2802 (60 5)"]
[Site "Internet Chess Club"]
[Date "2022.01.22"]
[Round "3"]
[White "RADHAKRISHNAN, SHARATH:Sharathrk5"]
[Black "SLAGLE, JIM:Jim1108"]
[Result "1-0"]
[ICCResult "Black checkmated"]
[WhiteElo "1528"]
[BlackElo "1664"]
[Opening "French: exchange variation"]
[ECO "C01"]
[NIC "FR.01"]
[Time "17:00:25"]
[PlyCount "75"]
[TimeControl "3600+5"]

1. e4 e6 2. d4 d5 3. exd5 exd5 4. Nf3 Bd6 5. c4 c6 6. Nc3 Nf6 7. Bd3 dxc4 8.
Bxc4 O-O 9. O-O Bg4 10. Bg5 Nbd7 11. h3 Bh5 12. Ne4 Be7 13. Ng3 Bg6 14. Re1
h6 15. Bf4 Nb6 16. Bd3 Bxd3 17. Qxd3 Nfd5 18. Bd2 Qc7 19. Nf5 Bf6 20. Ne5
Bxe5 21. dxe5 Rfe8 22. Bxh6 Rxe5 23. Bxg7 Rxf5 24. Qxf5 Kxg7 25. Qg5+ Kf8
26. Qh6+ Kg8 27. Re4 f5 28. Re6 Qh7 29. Qg5+ Kf8 30. Rh6 Qg7 31. Qxf5+ Ke8
32. Qh5+ Qf7 33. Rh8+ Ke7 34. Rh7 Rf8 35. Re1+ Kf6 36. Rxf7+ Rxf7 37. Qh6+
Kf5 38. g4# {Black checkmated} 1-0

[Event "ICC tourney 2802 (60 5)"]
[Site "Internet Chess Club"]
[Date "2022.01.22"]
[Round "3"]
[White "LIU, JOSHUA:chessmaster0981"]
[Black "Vishwa, Susheel:sushivishwa"]
[Result "1/2-1/2"]
[ICCResult "Game drawn by mutual agreement"]
[WhiteElo "1654"]
[BlackElo "1796"]
[Opening "Giuoco Piano"]
[ECO "C54"]
[NIC "IG.02"]
[Time "17:00:17"]
[PlyCount "85"]
[TimeControl "3600+5"]

1. e4 e5 2. Nf3 Nc6 3. Bc4 Bc5 4. c3 Nf6 5. d3 d6 6. O-O a6 7. Bb3 Ba7 8.
Re1 O-O 9. Nbd2 Ng4 10. Rf1 Be6 11. h3 Nf6 12. Re1 Qd7 13. Nf1 Rad8 14. Be3
Bxe3 15. Nxe3 Bxb3 16. Qxb3 d5 17. exd5 Nxd5 18. Nxd5 Qxd5 19. Qxb7 Rb8 20.
Qxa6 Rxb2 21. Reb1 Rc2 22. Qb7 Qc5 23. d4 exd4 24. cxd4 Nxd4 25. Nxd4 Qxd4
26. Qf3 Rc3 27. Qd1 Rd3 28. Qe1 Rd8 29. Rb4 Qf6 30. Rab1 g6 31. Rb8 Kg7 32.
Rxd8 Rxd8 33. Rc1 Ra8 34. Qd2 c5 35. Rxc5 Qa1+ 36. Rc1 Qxa2 37. Rc2 Qa1+ 38.
Rc1 Qf6 39. Qc3 Ra2 40. Qxf6+ Kxf6 41. Rc7 h5 42. g3 Rb2 43. Kg2
{Game drawn by mutual agreement}
1/2-1/2

[Event "ICC tourney 2802 (60 5)"]
[Site "Internet Chess Club"]
[Date "2022.01.22"]
[Round "3"]
[White "WANG, ALEXANDER J:ickyquarter"]
[Black "SILVESTRE, ROMULO:visionaryman"]
[Result "1-0"]
[ICCResult "Black resigns"]
[WhiteElo "1865"]
[BlackElo "1668"]
[Opening "Sicilian"]
[ECO "B56"]
[NIC "SI.25"]
[Time "17:00:20"]
[PlyCount "69"]
[TimeControl "3600+5"]

1. e4 c5 2. Nf3 d6 3. d4 cxd4 4. Nxd4 Nf6 5. Nc3 Nc6 6. g3 e5 7. Nde2 Be6 8.
Bg2 Qd7 9. Nd5 Rc8 10. Bg5 Bxd5 11. exd5 Nb4 12. c3 Na6 13. h4 Qb5 14. Bxf6
gxf6 15. Rb1 Nc5 16. O-O Bh6 17. b3 Qd3 18. Qxd3 Nxd3 19. b4 Rc4 20. Rfd1 e4
21. Nd4 Rxc3 22. Bxe4 Ne5 23. Nb5 Rc4 24. Nxd6+ Kd7 25. Nxc4 Nxc4 26. Bf5+
Kd6 27. Kg2 Re8 28. Rd4 b5 29. a4 Re2 30. Bg4 Ra2 31. axb5 Na3 32. Rb3 Nc2
33. Re4 Kxd5 34. Bf3 f5 35. Rd3+ {Black resigns} 1-0

[Event "ICC tourney 2802 (60 5)"]
[Site "Internet Chess Club"]
[Date "2022.01.22"]
[Round "3"]
[White "HOSSAIN, AZHER:Azher2009"]
[Black "DALONZO, JONATHAN:JDD01"]
[Result "1/2-1/2"]
[ICCResult "Game drawn by mutual agreement"]
[WhiteElo "1799"]
[BlackElo "1649"]
[Opening "Réti opening"]
[ECO "A30"]
[NIC "QP.10"]
[Time "17:00:25"]
[PlyCount "100"]
[TimeControl "3600+5"]

1. Nf3 c5 2. c4 Nc6 3. d4 cxd4 4. Nxd4 Nf6 5. Nc3 g6 6. e4 d6 7. Be2 Bg7 8.
O-O O-O 9. Be3 Ne5 10. f3 Bd7 11. Qd2 Rc8 12. b3 a6 13. Rac1 e6 14. Rfd1 Ne8
15. f4 Nc6 16. Nxc6 Bxc6 17. e5 Qa5 18. Nd5 Qxd2 19. Ne7+ Kh8 20. Rxd2 Rc7
21. exd6 Nxd6 22. Nxg6+ hxg6 23. Rxd6 Bf6 24. Rcd1 Be7 25. R6d2 Kg7 26. Bd4+
f6 27. Bg4 Kf7 28. Re2 f5 29. Be5 Rcc8 30. Bf3 Bxf3 31. gxf3 Rfd8 32. Red2
Rxd2 33. Rxd2 Rd8 34. Rxd8 Bxd8 35. Kf2 Bb6+ 36. Ke2 Bc5 37. Kd3 a5 38. Bc3
b6 39. Bd4 Ke7 40. Bxc5+ bxc5 41. a3 Kd6 42. h3 e5 43. Ke3 Ke6 44. fxe5 Kxe5
45. f4+ Kf6 46. Kf3 Kg7 47. Kg3 Kh7 48. Kf3 Kh6 49. Kg3 Kh5 50. h4 Kh6
{Game drawn by mutual agreement}
1/2-1/2

[Event "ICC tourney 2802 (60 5)"]
[Site "Internet Chess Club"]
[Date "2022.01.22"]
[Round "3"]
[White "SCHWETKE, DOUGLAS:Bilbo"]
[Black "QI, JENNY:eevee11"]
[Result "0-1"]
[ICCResult "White resigns"]
[WhiteElo "1495"]
[BlackElo "1386"]
[Opening "Grünfeld: exchange, classical variation"]
[ECO "D87"]
[NIC "GI.05"]
[Time "17:00:22"]
[PlyCount "90"]
[TimeControl "3600+5"]

1. d4 Nf6 2. c4 g6 3. Nc3 d5 4. cxd5 Nxd5 5. e4 Nxc3 6. bxc3 Bg7 7. Bc4 c5
8. Be3 O-O 9. Ne2 Nc6 10. O-O Qc7 11. Rc1 Rd8 12. Bf4 e5 13. Bg3 cxd4 14.
cxd4 Qe7 15. d5 Na5 16. Bd3 b6 17. Qd2 Bd7 18. Rc2 Rac8 19. Rfc1 Rxc2 20.
Rxc2 Rc8 21. Ba6 Rxc2 22. Qxc2 Qd8 23. Nc1 f6 24. Nd3 Bf8 25. f4 exf4 26.
Bxf4 g5 27. Bc7 Qe8 28. Qe2 Bb5 29. Bxb5 Qxb5 30. Qf3 Qb1+ 31. Kf2 Qc2+ 32.
Ke1 Qxc7 33. Qxf6 Qg7 34. Qe6+ Qf7 35. Qg4 Qg7 36. e5 Qg6 37. d6 Qxd3 38.
Qe6+ Kg7 39. Qf6+ Kg8 40. Qxg5+ Qg6 41. Qxg6+ hxg6 42. d7 Be7 43. e6 Kg7 44.
Kd2 Kf6 45. Kd3 Kxe6 {White resigns} 0-1

[Event "ICC tourney 2802 (60 5)"]
[Site "Internet Chess Club"]
[Date "2022.01.22"]
[Round "3"]
[White "LODH, ANJALI:ChessHawk8"]
[Black "Karthi, Jashith:jazzk"]
[Result "0-1"]
[ICCResult "White resigns"]
[WhiteElo "1537"]
[BlackElo "1392"]
[Opening "Scotch: Göring gambit"]
[ECO "C44"]
[NIC "SO.06"]
[Time "17:01:12"]
[PlyCount "126"]
[TimeControl "3600+5"]

1. e4 e5 2. Nf3 Nc6 3. d4 exd4 4. c3 d5 5. exd5 Qxd5 6. cxd4 Nf6 7. Nc3 Qd8
8. Bc4 Be7 9. O-O O-O 10. h3 Bf5 11. Re1 a6 12. a3 Bg6 13. Ne5 Nxd4 14. Nxg6
hxg6 15. Rxe7 Qxe7 16. Qxd4 Rad8 17. Qe3 Qd6 18. Qf3 Qd4 19. Ba2 Qb6 20. Rb1
c6 21. Be3 Qc7 22. Bg5 Qe5 23. Bh4 Rd4 24. Bg3 Qe7 25. Rd1 Rxd1+ 26. Qxd1
Rd8 27. Qb1 Kh8 28. Kh2 Nh5 29. Kh1 Nxg3+ 30. fxg3 Qe5 31. Kh2 Qf6 32. Qe4
b5 33. Qh4+ Qxh4 34. gxh4 Rd2 35. Bxf7 Rxb2 36. Bxg6 Rb3 37. Ne4 Rxa3 38.
Nd6 c5 39. Nf7+ Kg8 40. Ne5 Re3 41. Ng4 Re7 42. Bd3 c4 43. Bc2 b4 44. Kg3 b3
45. Bb1 Re1 46. Bf5 b2 47. Kf3 Rf1+ 48. Nf2 b1=Q 49. Bxb1 Rxb1 50. Ke2 Rb2+
51. Ke1 a5 52. Nd1 Rxg2 53. Ne3 Rg3 54. Nxc4 a4 55. Kd1 Rxh3 56. Kc2 Rxh4
57. Nb2 Rh2+ 58. Kc3 Rxb2 59. Kxb2 g5 60. Ka3 g4 61. Kxa4 g3 62. Kb3 g2 63.
Kc2 g1=Q {White resigns} 0-1

[Event "ICC tourney 2802 (60 5)"]
[Site "Internet Chess Club"]
[Date "2022.01.22"]
[Round "3"]
[White "MISRA, PRAGYAN:SoaringHawk24"]
[Black "AYYAPPAN, SANTHOSH:SanthoshA"]
[Result "0-1"]
[ICCResult "White checkmated"]
[WhiteElo "1498"]
[BlackElo "1643"]
[Opening "Giuoco Piano: Möller (Therkatz) attack"]
[ECO "C54"]
[NIC "IG.02"]
[Time "17:00:15"]
[PlyCount "144"]
[TimeControl "3600+5"]

1. e4 e5 2. Nf3 Nc6 3. Bc4 Bc5 4. c3 Nf6 5. d4 exd4 6. cxd4 Bb4+ 7. Nc3 Nxe4
8. O-O Bxc3 9. d5 Ne5 10. bxc3 Nxc4 11. Qd4 O-O 12. Qxe4 Nd6 13. Qg4 Ne8 14.
Qc4 d6 15. Bg5 Qd7 16. Rfe1 f6 17. Bf4 Qf7 18. Qd4 g6 19. Re2 Ng7 20. Bh6
Bd7 21. Bxg7 Qxg7 22. Qc4 Rac8 23. Nd4 Qf7 24. Rae1 Rfe8 25. Ne6 Bxe6 26.
dxe6 Qe7 27. Re3 c6 28. Rf3 d5 29. Qd4 f5 30. Qe5 Qg7 31. Qe3 b6 32. Qd3 Qf6
33. Rfe3 Rc7 34. c4 d4 35. Re5 c5 36. h3 Rce7 37. Qe2 Rd8 38. Rd5 Qf8 39.
Qf3 Qe8 40. Qe2 a6 41. Re5 Rd6 42. Kf1 d3 43. Qd2 Rdxe6 44. Rxe6 Rxe6 45.
Rxe6 Qxe6 46. Qxd3 Kf7 47. a3 Qc6 48. Kg1 b5 49. cxb5 axb5 50. Qb3+ c4 51.
Qc3 Qd6 52. g3 Qd3 53. Qa5 c3 54. Qc7+ Ke6 55. Qc6+ Ke5 56. Qc5+ Ke4 57.
Qc6+ Kd4 58. Qd6+ Kc4 59. Qc6+ Kb3 60. Qe6+ Qc4 61. Qe3 Kb2 62. Qe5 Ka2 63.
Qe3 c2 64. Qc1 Qd3 65. Kg2 Qd1 66. Qe3 c1=Q 67. Qe6+ Qc4 68. Qxc4+ bxc4 69.
a4 c3 70. a5 c2 71. a6 c1=Q 72. a7 Qh1# {White checkmated} 0-1

[Event "ICC tourney 2802 (60 5)"]
[Site "Internet Chess Club"]
[Date "2022.01.22"]
[Round "3"]
[White "AMMASANI, SMAYAN:Chessamma"]
[Black "ORYE, MATTHEW:GrandWizard"]
[Result "1-0"]
[ICCResult "Black forfeits on time"]
[WhiteElo "1546"]
[BlackElo "1669"]
[Opening "Philidor's defense"]
[ECO "C41"]
[NIC "KP.08"]
[Time "17:00:24"]
[PlyCount "107"]
[TimeControl "3600+5"]

1. e4 e5 2. Nf3 d6 3. d4 Bg4 4. dxe5 Bxf3 5. Qxf3 dxe5 6. Bc4 Qe7 7. O-O Nd7
8. Nc3 Ngf6 9. Be3 c6 10. Rad1 O-O-O 11. a4 Nb6 12. Bb3 Rxd1 13. Rxd1 Qb4
14. Bxb6 axb6 15. Qf5+ Kc7 16. Qxe5+ Bd6 17. Qf5 Re8 18. g3 Re5 19. Qf3 Re7
20. Qd3 Nxe4 21. Nxe4 Rxe4 22. c3 Re1+ 23. Rxe1 Qxb3 24. Rd1 Qe6 25. Qxh7 g6
26. Qh6 Qe2 27. Qd2 Qe6 28. Qe3 Qb3 29. Qd4 Qe6 30. b4 Be7 31. Kg2 f5 32. c4
Kb8 33. Qe3 Qxe3 34. fxe3 Bxb4 35. Rd8+ Ka7 36. Rg8 Ka6 37. Rxg6 Ka5 38. Rg7
Kxa4 39. Rxb7 b5 40. cxb5 cxb5 41. h4 Bd2 42. Kf3 b4 43. h5 b3 44. Ra7+ Ba5
45. Ke2 b2 46. h6 b1=Q 47. h7 Qc2+ 48. Kf3 Qe4+ 49. Kf2 Qe8 50. Kf3 Kb5 51.
Re7 Qh8 52. Kf4 Bc7+ 53. Rxc7 Qb8 54. Kxf5 {Black forfeits on time} 1-0

[Event "ICC tourney 2802 (60 5)"]
[Site "Internet Chess Club"]
[Date "2022.01.22"]
[Round "3"]
[White "S.M, UMER:uncrackable"]
[Black "XIA, JOSHUA:MathMonkey"]
[Result "1-0"]
[ICCResult "Black checkmated"]
[WhiteElo "1794"]
[BlackElo "1414"]
[Opening "Neo-Grünfeld, 6.cd Nxd5, 7.O-O c5, 8.Nc3"]
[ECO "D75"]
[NIC "GI.02"]
[Time "17:00:26"]
[PlyCount "141"]
[TimeControl "3600+5"]

1. d4 Nf6 2. Nf3 g6 3. g3 Bg7 4. Bg2 d5 5. O-O O-O 6. c4 c5 7. cxd5 Nxd5 8.
Nc3 Nxc3 9. bxc3 cxd4 10. cxd4 Nc6 11. e3 e5 12. Nxe5 Nxe5 13. dxe5 Bxe5 14.
Rb1 Rb8 15. Qa4 a6 16. Rd1 Qc7 17. Ba3 b5 18. Qh4 Re8 19. Rbc1 Qa5 20. Bb4
Qxa2 21. Bc6 Bb7 22. Bxe8 Rxe8 23. Rd8 Qe6 24. Rcd1 Bc6 25. Rxe8+ Bxe8 26.
Rd8 Kg7 27. Qe4 f5 28. Qb7+ Bf7 29. Bf8+ Kf6 30. Ra8 Kg5 31. Rxa6 Qb3 32.
Qf3 Be6 33. h4+ Kf6 34. Qb7 Qb1+ 35. Kh2 Bxg3+ 36. fxg3 Qc2+ 37. Qg2 Qc1 38.
Bh6 b4 39. Bg5+ Ke5 40. Rc6 Qd1 41. Qb2+ Kd5 42. Qg2+ Ke5 43. Bf4+ Kf6 44.
Qb2+ Kf7 45. Rc7+ Bd7 46. Bg5 Qd6 47. Rb7 Qc6 48. Qxb4 Qc2+ 49. Kh3 Qc6 50.
Qe7+ Kg8 51. Rb8+ Bc8 52. Qd8+ Kg7 53. Qf6+ Qxf6 54. Bxf6+ Kxf6 55. Rxc8 Ke5
56. Rh8 Ke4 57. Rxh7 Kxe3 58. Rg7 f4 59. gxf4 Kxf4 60. Rxg6 Kf5 61. h5 Ke5
62. h6 Kf5 63. Rg1 Kf6 64. h7 Kf7 65. h8=Q Ke6 66. Qe8+ Kd5 67. Rd1+ Kc4 68.
Qc8+ Kb3 69. Rb1+ Ka2 70. Rb7 Ka3 71. Qa8# {Black checkmated} 1-0

[Event "ICC tourney 2802 (60 5)"]
[Site "Internet Chess Club"]
[Date "2022.01.22"]
[Round "3"]
[White "SHANKAR, AASHRITHA VIDHYA:aashushankar"]
[Black "GUO, ELLA:SunnyCountry"]
[Result "0-1"]
[ICCResult "White checkmated"]
[WhiteElo "1403"]
[BlackElo "1324"]
[Opening "Sicilian: Canal-Sokolsky attack, Sokolsky variation"]
[ECO "B52"]
[NIC "SI.01"]
[Time "17:00:22"]
[PlyCount "148"]
[TimeControl "3600+5"]

1. e4 c5 2. Nf3 d6 3. Bb5+ Bd7 4. Bxd7+ Qxd7 5. c4 Nf6 6. Nc3 Nc6 7. O-O e6
8. d4 cxd4 9. Nxd4 Be7 10. Re1 O-O 11. b3 Rac8 12. Bb2 a6 13. Rc1 Rfd8 14.
Na4 Qc7 15. Nc3 Ne5 16. h3 h6 17. Nf3 Nc6 18. Qe2 Qb8 19. Red1 Nd7 20. Kh1
Nde5 21. Nd4 Bf6 22. f4 Nxd4 23. Rxd4 Ng6 24. Rdd1 Nxf4 25. Qf3 Ng6 26. Ba1
Ne5 27. Qe2 Qc7 28. Rc2 Qe7 29. Rdc1 Nc6 30. Qd1 Bg5 31. Rb1 Nb4 32. Re2 Bf4
33. a3 Nc6 34. Qf1 Be5 35. Rd2 Qg5 36. Rd3 Nd4 37. Ne2 Nxe2 38. Qxe2 Bxa1
39. Rxa1 b5 40. cxb5 Qxb5 41. Qd2 Qc6 42. Rd1 Qxe4 43. Rxd6 Rxd6 44. Qxd6
Qc2 45. Qd3 Qc6 46. a4 Rb8 47. Qd6 Qb7 48. Rd3 Rc8 49. Qd7 Rc7 50. Qd8+ Kh7
51. Qd6 Rc2 52. Rd2 Rxd2 53. Qxd2 Qxb3 54. Qd4 Qb1+ 55. Kh2 Qf5 56. Qg4 Qxg4
57. hxg4 Kg6 58. Kg3 e5 59. Kf3 f5 60. gxf5+ Kxf5 61. g4+ Kg5 62. a5 e4+ 63.
Kxe4 Kxg4 64. Kd5 h5 65. Kc6 h4 66. Kb6 h3 67. Kxa6 h2 68. Kb6 h1=Q 69. a6
Qa8 70. a7 Kf5 71. Ka6 Ke6 72. Kb6 Kd6 73. Ka6 Kc5 74. Ka5 Qxa7#
{White checkmated}
0-1

[Event "ICC tourney 2802 (60 5)"]
[Site "Internet Chess Club"]
[Date "2022.01.22"]
[Round "3"]
[White "Mason, Mike W:MikeWMason"]
[Black "ACKERMAN, RYAN:RyanTime"]
[Result "0-1"]
[ICCResult "White resigns"]
[WhiteElo "1550"]
[BlackElo "1817"]
[Opening "French: King's Indian attack"]
[ECO "C00"]
[NIC "FR.02"]
[Time "17:01:12"]
[PlyCount "206"]
[TimeControl "3600+5"]

1. e4 e6 2. d3 d5 3. Nd2 Nf6 4. Ngf3 c5 5. g3 Nc6 6. Bg2 Be7 7. O-O b6 8.
Re1 Bb7 9. c3 h6 10. Qc2 Qc7 11. Nf1 O-O 12. h4 Rad8 13. e5 Nh7 14. N1h2 d4
15. c4 a6 16. Ng4 h5 17. Ngh2 Rb8 18. Qe2 Nb4 19. Bf4 b5 20. a3 Nc6 21. Nd2
g6 22. g4 hxg4 23. Qxg4 Qd8 24. Nhf3 Kh8 25. Ng5 Nxg5 26. hxg5 Kg7 27. Kf1
Na5 28. Bxb7 Rxb7 29. b3 bxc4 30. bxc4 Nb3 31. Rab1 Nxd2+ 32. Bxd2 Qb8 33.
Rbd1 Rb3 34. Ke2 Qxe5+ 35. Kf1 Qf5 36. Qxf5 gxf5 37. Bf4 Kg6 38. Ke2 Rxa3
39. Ra1 Rxa1 40. Rxa1 Bxg5 41. Bd6 Rc8 42. Rxa6 Bc1 43. Ra5 f6 44. Bxc5 e5
45. Be7 f4 46. Ra6 Rc7 47. Bxf6 Kf5 48. Bd8 Rd7 49. Rf6+ Kg4 50. f3+ Kh3 51.
Rh6+ Kg3 52. Bh4+ Kg2 53. Rg6+ Kh3 54. Bf6 e4 55. fxe4 Be3 56. Kf3 Rh7 57.
Rg7 Rh6 58. Bg5 Rh8 59. Bxf4 Rf8 60. Rg3+ Kh2 61. Rg4+ Kh3 62. Rg3+ Kh2 63.
Rg2+ Kh1 64. Rh2+ Kg1 65. Rg2+ Kf1 66. Rg4 Ke1 67. Kg3 Kd2 68. c5 Kxd3 69.
e5 Rf5 70. c6 Bxf4+ 71. Rxf4 Rxe5 72. c7 Rc5 73. Rf7 Kc2 74. Rf2+ Kc3 75.
Rf1 Kd2 76. Rf2+ Ke3 77. Rf3+ Ke4 78. Rf4+ Ke5 79. Kf3 Rxc7 80. Re4+ Kd5 81.
Re8 Rc2 82. Rd8+ Kc4 83. Ke4 Re2+ 84. Kf3 Re3+ 85. Kf2 Kd3 86. Ra8 Re2+ 87.
Kf3 Re3+ 88. Kf2 Re5 89. Ra3+ Kc2 90. Ra2+ Kb3 91. Rd2 Kc3 92. Ra2 d3 93.
Ra3+ Kc2 94. Ra2+ Kb3 95. Rd2 Kc3 96. Ra2 d2 97. Ra3+ Kb2 98. Rd3 Kc2 99.
Rd8 d1=Q 100. Rc8+ Kb1 101. Rb8+ Ka2 102. Ra8+ Kb3 103. Rb8+ Ka4 {White
resigns} 0-1

[Event "ICC tourney 2802 (60 5)"]
[Site "Internet Chess Club"]
[Date "2022.01.23"]
[Round "4"]
[White "SCHWETKE, DOUGLAS:Bilbo"]
[Black "HE, EDEN:edenhe"]
[Result "0-1"]
[ICCResult "White resigns"]
[WhiteElo "1495"]
[BlackElo "1484"]
[Opening "QGD: exchange, positional line, 6.Qc2"]
[ECO "D36"]
[NIC "QO.16"]
[Time "11:00:13"]
[PlyCount "46"]
[TimeControl "3600+5"]

1. d4 d5 2. c4 e6 3. Nc3 Nf6 4. cxd5 exd5 5. Bg5 c6 6. Qc2 Bd6 7. e3 Be6 8.
Bd3 Nbd7 9. Nge2 h6 10. Bh4 Qc7 11. Bg3 Bg4 12. Bxd6 Qxd6 13. Ng3 O-O 14.
O-O Rfe8 15. Rae1 Rad8 16. f3 Bh5 17. e4 dxe4 18. fxe4 Qxd4+ 19. Kh1 Bg6 20.
Nf5 Bxf5 21. Rxf5 Ne5 22. Be2 Qd2 23. Qb3 Qxe1+ {White resigns} 0-1

[Event "ICC tourney 2802 (60 5)"]
[Site "Internet Chess Club"]
[Date "2022.01.23"]
[Round "4"]
[White "Montanari, Laura:oceana88"]
[Black "Doan Giang, Nguyen Doan:Doctorstrange04"]
[Result "0-1"]
[ICCResult "White checkmated"]
[WhiteElo "1550"]
[BlackElo "1685"]
[Opening "Sicilian: Smith-Morra gambit"]
[ECO "B21"]
[NIC "SI.47"]
[Time "11:00:21"]
[PlyCount "98"]
[TimeControl "3600+5"]

1. e4 c5 2. d4 cxd4 3. c3 Nf6 4. e5 Nd5 5. cxd4 Nc6 6. Bc4 Nb6 7. Bb3 d5 8.
Nc3 Bf5 9. Qf3 Nxd4 10. Qd1 Nxb3 11. Qxb3 e6 12. f4 Be7 13. Nf3 O-O 14. O-O
Qd7 15. Be3 Nc4 16. Bf2 Bg4 17. Nd4 Nd2 18. Qc2 Nxf1 19. Rxf1 Rfc8 20. Qd3
Bc5 21. Qg3 Bxd4 22. Bxd4 Bf5 23. Qh4 Rc4 24. Be3 b5 25. g4 Bg6 26. Qh3 b4
27. Ne2 Bd3 28. Rf2 Bxe2 29. Rxe2 Rac8 30. f5 Re4 31. f6 Rxe5 32. fxg7 d4
33. Qg3 Rxe3 34. Rxe3 dxe3 35. Qxe3 Qd5 36. Qxa7 Qc5+ 37. Qxc5 Rxc5 38. Kf2
Rc2+ 39. Kf3 Rxb2 40. Kf4 Rxa2 41. Ke5 Rxh2 42. Kf6 b3 43. g5 b2 44. Ke5
b1=Q 45. Kf6 Qb2+ 46. Ke7 Qb4+ 47. Ke8 Rd2 48. g6 Qb8+ 49. Ke7 Qd8#
{White checkmated}
0-1

[Event "ICC tourney 2802 (60 5)"]
[Site "Internet Chess Club"]
[Date "2022.01.23"]
[Round "4"]
[White "GAUDEAU, ALAIN D H:attalone"]
[Black "WAKIDA, KEN:Yamato1945"]
[Result "1-0"]
[ICCResult "Black resigns"]
[WhiteElo "1650"]
[BlackElo "1617"]
[Opening "QGD: Tarrasch defense"]
[ECO "D32"]
[NIC "TD.11"]
[Time "11:00:54"]
[PlyCount "71"]
[TimeControl "3600+5"]

1. d4 d5 2. c4 e6 3. Nf3 c5 4. cxd5 exd5 5. Nc3 Nc6 6. dxc5 d4 7. Na4 Bxc5
8. Nxc5 Qa5+ 9. Bd2 Qxc5 10. Rc1 Qd6 11. g3 Be6 12. Bg2 Nf6 13. O-O Rd8 14.
Bf4 Qe7 15. Ne5 Nxe5 16. Bxe5 Bd5 17. Bxf6 Qxf6 18. Bxd5 Rxd5 19. Rc8+ Rd8
20. Qa4+ Kf8 21. Qb4+ Kg8 22. Qxb7 g6 23. Rxd8+ Qxd8 24. Qxa7 Kg7 25. Rd1
Re8 26. Kf1 Qe7 27. Qxe7 Rxe7 28. Rxd4 Rc7 29. Rb4 Kh6 30. a4 Kh5 31. a5 g5
32. Ra4 f5 33. a6 f4 34. a7 f3 35. exf3 Rc1+ 36. Kg2 {Black resigns} 1-0

[Event "ICC tourney 2802 (60 5)"]
[Site "Internet Chess Club"]
[Date "2022.01.23"]
[Round "4"]
[White "Mehta, Dhairya  M:Chesschamp27"]
[Black "HOSUR, SANMITA:phosur"]
[Result "1/2-1/2"]
[ICCResult "Game drawn by mutual agreement"]
[WhiteElo "1529"]
[BlackElo "1299"]
[Opening "Sicilian: Hungarian variation"]
[ECO "B34"]
[NIC "SI.43"]
[Time "11:00:23"]
[PlyCount "65"]
[TimeControl "3600+5"]

1. e4 c5 2. Nf3 g6 3. d4 cxd4 4. Nxd4 Bg7 5. Be3 Nc6 6. Nc3 Nf6 7. f3 O-O 8.
Be2 a6 9. Qd2 d6 10. O-O Bd7 11. Rad1 b5 12. a3 Rc8 13. Nxc6 Bxc6 14. Rfe1
Qc7 15. Bd3 Rfd8 16. Qf2 Rb8 17. Na2 Nd7 18. c3 Ne5 19. Bb1 Nc4 20. Nb4 Qb7
21. Nxc6 Qxc6 22. Bd4 e5 23. Be3 a5 24. Rd5 f5 25. Red1 f4 26. Bc1 a4 27.
Ba2 Kh8 28. Kh1 Bf8 29. Qh4 Qb6 30. Bxc4 bxc4 31. Qf6+ Bg7 32. Qe6 Bf8 33.
Qf6+ {Game drawn by mutual agreement} 1/2-1/2